ITL
WABA DUCKS @ AMARILLO ARCHDUKES
04/18/2027
 
TOP OF THE 1ST
Waba Ducks batting - Pitching for Amarillo Archdukes : RHP Ignacio Torres
Pitching: RHP Ignacio Torres
Batting: RHB Don Keating 0-0: Ball
1-0: Foul Ball, location: 2F
1-1: Ball
2-1: Ball
3-1: Called Strike
3-2: Foul Ball, location: 2F
3-2: SINGLE (Groundball, 6D)
Batting: RHB Tokuhei Kobayashi 0-0: Swinging Strike
0-1: Called Strike
0-2: Foul Ball, location: 2F
0-2: Ball
1-2: Foul Ball, location: 2F
1-2: Foul Ball, location: 2F
1-2: Ball
2-2: Ball
3-2: Base on Balls
Don Keating to second
Batting: LHB José Román 0-0: Called Strike
0-1: Foul Ball, location: 2F
0-2: Ball
1-2: Foul Ball, location: 2F
1-2: SINGLE (Flyball, 7S)
Don Keating to third
Tokuhei Kobayashi to second
Batting: RHB Chris Osborn 0-0: Ball
1-0: Ball
2-0: Called Strike
2-1: Ball
3-1: Called Strike
3-2: SINGLE (Groundball, 6MD)
Don Keating scores
Tokuhei Kobayashi to third
José Román to second
Batting: RHB Ed Small 0-0: Foul Ball, location: 2F
0-1: Called Strike
0-2: Ball
1-2: Ball
2-2: Fly out, F7 (Flyball, 7S)
Batting: RHB Jeremy Flemming 0-0: Ball
1-0: Swinging Strike
1-1: Ball
2-1: Fly out, F8 (Flyball, 8RD)
Runner from 3rd tags up, SCORES, no throw
Batting: RHB Ángelo García 0-0: Foul Ball, location: 2F
0-1: Foul Ball, location: 2F
0-2: Foul Ball, location: 2F
0-2: Ball
1-2: Ball
2-2: Strikes out swinging
Top of the 1st over - 2 run(s), 3 hit(s), 0 error(s), 2 left on base; Waba 2 - Amarillo 0
BOTTOM OF THE 1ST
Amarillo Archdukes batting - Pitching for Waba Ducks : RHP Miguel Guerrero
Pitching: RHP Miguel Guerrero
Batting: RHB Eric Fuller 0-0: Swinging Strike
0-1: Foul Ball, location: 2F
0-2: Strikes out swinging
Batting: RHB Norm Francis 0-0: Ball
1-0: Called Strike
1-1: Ball
2-1: Ball
3-1: Fly out, F9 (Flyball, 9LDF)
Batting: SHB Douglas Taylor 0-0: Ball
1-0: Ball
2-0: Called Strike
2-1: Foul Ball, location: 2F
2-2: Ball
3-2: Fly out, F3 (Flyball, 34D)
Bottom of the 1st over - 0 run(s), 0 hit(s), 0 error(s), 0 left on base; Waba 2 - Amarillo 0
TOP OF THE 2ND
Waba Ducks batting - Pitching for Amarillo Archdukes : RHP Ignacio Torres
Batting: RHB Roberto Pagán 0-0: Ground out 6-3 (Groundball, 56)
Batting: SHB Ed Hunter 0-0: Fly out, F9 (Flyball, 89M)
Batting: RHB Don Keating 0-0: Fly out, F8 (Flyball, 8RD)
Top of the 2nd over - 0 run(s), 0 hit(s), 0 error(s), 0 left on base; Waba 2 - Amarillo 0
BOTTOM OF THE 2ND
Amarillo Archdukes batting - Pitching for Waba Ducks : RHP Miguel Guerrero
Batting: LHB Michael Cook 0-0: Foul Ball, location: 2F
0-1: Called Strike
0-2: Ball
1-2: Foul Ball, location: 2F
1-2: Ball
2-2: Ground out 3-1 (Groundball, 34S)
Batting: LHB Howard Lambert 0-0: Ball
1-0: Fly out, F9 (Line Drive, 9LM)
Batting: RHB Jorge Espinosa 0-0: Called Strike
0-1: Ball
1-1: Bunted foul
1-2: Ball
2-2: Strikes out swinging
Bottom of the 2nd over - 0 run(s), 0 hit(s), 0 error(s), 0 left on base; Waba 2 - Amarillo 0
TOP OF THE 3RD
Waba Ducks batting - Pitching for Amarillo Archdukes : RHP Ignacio Torres
Batting: RHB Tokuhei Kobayashi 0-0: Ball
1-0: Foul Ball, location: 2F
1-1: Ball
2-1: Called Strike
2-2: Ball
3-2: SINGLE (Groundball, 34D)
Batting: LHB José Román 0-0: Ball
1-0: Ball
2-0: Ball
Wild Pitch!
Tokuhei Kobayashi to second
3-0: Called Strike
3-1: Base on Balls
Batting: RHB Chris Osborn 0-0: Ball
1-0: Called Strike
1-1: Called Strike
1-2: Strikes out swinging
Batting: RHB Ed Small 0-0: Called Strike
0-1: Foul Ball, location: 2F
0-2: Ball
1-2: Strikes out swinging
Batting: RHB Jeremy Flemming 0-0: Ball
1-0: Ball
2-0: Ball
3-0: Base on Balls
Tokuhei Kobayashi to third
José Román to second
Batting: RHB Ángelo García 0-0: Ball
1-0: Ball
2-0: Ball
3-0: Called Strike
3-1: Base on Balls
Tokuhei Kobayashi scores
José Román to third
Jeremy Flemming to second
Batting: RHB Roberto Pagán 0-0: Ball
1-0: Called Strike
1-1: Foul Ball, location: 2F
1-2: Strikes out looking
Top of the 3rd over - 1 run(s), 1 hit(s), 0 error(s), 3 left on base; Waba 3 - Amarillo 0
BOTTOM OF THE 3RD
Amarillo Archdukes batting - Pitching for Waba Ducks : RHP Miguel Guerrero
Batting: RHB Paul Ladd 0-0: Swinging Strike
0-1: Ball
1-1: Foul Ball, location: 2F
1-2: Strikes out swinging
Batting: LHB Edwin Ryan 0-0: Called Strike
0-1: Ball
1-1: Ball
2-1: Ball
3-1: Ground out U3 (Groundball, 34)
Batting: RHB Nobuharu Hoshino 0-0: Called Strike
0-1: Ball
1-1: Ball
2-1: Called Strike
2-2: Strikes out swinging
Bottom of the 3rd over - 0 run(s), 0 hit(s), 0 error(s), 0 left on base; Waba 3 - Amarillo 0
TOP OF THE 4TH
Waba Ducks batting - Pitching for Amarillo Archdukes : RHP Ignacio Torres
Batting: SHB Ed Hunter 0-0: Ground out 4-3 (Groundball, 4)
Batting: RHB Don Keating 0-0: Ball
1-0: Ball
2-0: Called Strike
2-1: Ball
3-1: Swinging Strike
3-2: Fly out, F9 (Flyball, 9D)
Batting: RHB Tokuhei Kobayashi 0-0: Ball
1-0: Ground out U3 (Groundball, 23)
Top of the 4th over - 0 run(s), 0 hit(s), 0 error(s), 0 left on base; Waba 3 - Amarillo 0
BOTTOM OF THE 4TH
Amarillo Archdukes batting - Pitching for Waba Ducks : RHP Miguel Guerrero
Batting: RHB Eric Fuller 0-0: Called Strike
0-1: Foul Ball, location: 2F
0-2: Ball
1-2: Strikes out swinging
Batting: RHB Norm Francis 0-0: Ball
1-0: Ball
2-0: Ball
3-0: Base on Balls
Batting: SHB Douglas Taylor 0-0: Ball
Throwing error on steal attempt, E2
Norm Francis to third
1-0: Ball
2-0: Ball
3-0: Base on Balls
Batting: LHB Michael Cook 0-0: Ball
1-0: Foul Ball, location: 2F
1-1: Ball
2-1: Foul Ball, location: 2F
2-2: Strikes out swinging
Douglas Taylor steals 2nd base
Batter strikes out.
Batting: LHB Howard Lambert 0-0: Ball
1-0: Ball
2-0: Ball
3-0: Base on Balls
Batting: RHB Jorge Espinosa 0-0: Swinging Strike
0-1: Fly out, F3 (Flyball, 3D)
Bottom of the 4th over - 0 run(s), 0 hit(s), 1 error(s), 3 left on base; Waba 3 - Amarillo 0
TOP OF THE 5TH
Waba Ducks batting - Pitching for Amarillo Archdukes : RHP Ignacio Torres
Batting: LHB José Román 0-0: Called Strike
0-1: Ball
1-1: SINGLE (Groundball, 5D)
Batting: RHB Chris Osborn 0-0: Ball
1-0: Ball
Wild Pitch!
José Román to second
2-0: Ground out 6-3 (Groundball, 56)
Batting: RHB Ed Small 0-0: Called Strike
0-1: Fly out, F7 (Line Drive, 7)
Batting: RHB Jeremy Flemming 0-0: Ground out 4-3 (Groundball, 4)
Top of the 5th over - 0 run(s), 1 hit(s), 0 error(s), 1 left on base; Waba 3 - Amarillo 0
BOTTOM OF THE 5TH
Amarillo Archdukes batting - Pitching for Waba Ducks : RHP Miguel Guerrero
Batting: RHB Paul Ladd 0-0: Called Strike
0-1: Ball
1-1: Called Strike
1-2: Strikes out looking
Batting: LHB Edwin Ryan 0-0: Ball
1-0: Called Strike
1-1: Foul Ball, location: 2F
1-2: Strikes out swinging
Batting: RHB Nobuharu Hoshino 0-0: Called Strike
0-1: Swinging Strike
0-2: Ball
1-2: Strikes out swinging
Bottom of the 5th over - 0 run(s), 0 hit(s), 0 error(s), 0 left on base; Waba 3 - Amarillo 0
TOP OF THE 6TH
Waba Ducks batting - Pitching for Amarillo Archdukes : RHP Ignacio Torres
Batting: RHB Ángelo García 0-0: SINGLE (Line Drive, 6MD)
Batting: RHB Roberto Pagán 0-0: Called Strike
0-1: Ball
1-1: Grounds into double play, 6-4-3 (Groundball, 6)
Batting: SHB Ed Hunter 0-0: Ball
1-0: Swinging Strike
1-1: Swinging Strike
1-2: Foul Ball, location: 2F
1-2: Ball
2-2: Strikes out swinging
Top of the 6th over - 0 run(s), 1 hit(s), 0 error(s), 0 left on base; Waba 3 - Amarillo 0
BOTTOM OF THE 6TH
Amarillo Archdukes batting - Pitching for Waba Ducks : RHP Miguel Guerrero
Batting: RHB Eric Fuller 0-0: Ball
1-0: Fly out, F8 (Line Drive, 78M)
Batting: RHB Norm Francis 0-0: Ball
1-0: Ball
2-0: Ground out 4-3 (Groundball, 4D)
Batting: SHB Douglas Taylor 0-0: Fly out, F7 (Flyball, 7S)
Bottom of the 6th over - 0 run(s), 0 hit(s), 0 error(s), 0 left on base; Waba 3 - Amarillo 0
TOP OF THE 7TH
Waba Ducks batting - Pitching for Amarillo Archdukes : RHP Ignacio Torres
Pitching: RHP Frederick Kern
Batting: RHB Don Keating 0-0: Ball
1-0: Foul Ball, location: 2F
1-1: Foul Ball, location: 2F
1-2: Foul Ball, location: 2F
1-2: Strikes out swinging
Batting: RHB Tokuhei Kobayashi 0-0: Called Strike
0-1: Ground out 6-3 (Groundball, 6)
Batting: LHB José Román 0-0: Ball
1-0: Fly out, F8 (Flyball, 8LM)
Top of the 7th over - 0 run(s), 0 hit(s), 0 error(s), 0 left on base; Waba 3 - Amarillo 0
BOTTOM OF THE 7TH
Amarillo Archdukes batting - Pitching for Waba Ducks : RHP Miguel Guerrero
Batting: LHB Michael Cook 0-0: Foul Ball, location: 2F
0-1: Ball
1-1: Foul Ball, location: 2F
1-2: Ball
2-2: Ball
3-2: Reached on error, E3 (Groundball, 3L)
Batting: LHB Howard Lambert 0-0: Fly out, F7 (Flyball, 7)
Batting: RHB Jorge Espinosa 0-0: Ball
1-0: Grounds into double play, 5-4-3 (Groundball, 5)
Bottom of the 7th over - 0 run(s), 0 hit(s), 1 error(s), 0 left on base; Waba 3 - Amarillo 0
TOP OF THE 8TH
Waba Ducks batting - Pitching for Amarillo Archdukes : RHP Frederick Kern
Batting: RHB Chris Osborn 0-0: Called Strike
0-1: Ball
1-1: Ball
2-1: Ground out U3 (Groundball, 34)
Batting: RHB Ed Small 0-0: Foul Ball, location: 2F
0-1: Swinging Strike
0-2: Ball
1-2: Foul Ball, location: 2F
1-2: Ball
2-2: Fly out, F9 (Flyball, 89M)
Batting: RHB Jeremy Flemming 0-0: Foul Ball, location: 2F
0-1: Ball
1-1: Swinging Strike
1-2: Ball
2-2: Strikes out swinging
Top of the 8th over - 0 run(s), 0 hit(s), 0 error(s), 0 left on base; Waba 3 - Amarillo 0
BOTTOM OF THE 8TH
Amarillo Archdukes batting - Pitching for Waba Ducks : RHP Miguel Guerrero
Batting: RHB Paul Ladd 0-0: Called Strike
0-1: Swinging Strike
0-2: Reached on error, E4 (Groundball, 4M)
Batting: LHB Edwin Ryan 0-0: Ball
1-0: Ball
2-0: Called Strike
2-1: Foul Ball, location: 2F
2-2: Foul Ball, location: 2F
2-2: Ball
3-2: Base on Balls
Batting: RHB Nobuharu Hoshino 0-0: Swinging Strike
0-1: Ball
1-1: Ball
2-1: Ball
3-1: SINGLE (Groundball, 56D)
Paul Ladd to third
Edwin Ryan to second
Pitching: RHP Sergio Torres
Pinch Hitting: LHB Chris Pryor 0-0: Called Strike
0-1: Grounds into double play, 4-6-3 (Groundball, 4)
Paul Ladd scores
Edwin Ryan to third
Pitching: RHP Esteban Gonzáles
Batting: RHB Norm Francis 0-0: Swinging Strike
0-1: Ball
1-1: Called Strike
1-2: Fly out, F8 (Flyball, 8LM)
Bottom of the 8th over - 1 run(s), 1 hit(s), 1 error(s), 1 left on base; Waba 3 - Amarillo 1
TOP OF THE 9TH
Waba Ducks batting - Pitching for Amarillo Archdukes : RHP Frederick Kern
Now at 3B: Gil Watcham
Batting: RHB Ángelo García 0-0: Called Strike
0-1: Ball
1-1: Swinging Strike
1-2: Foul Ball, location: 2F
1-2: SINGLE (Groundball, 4MD)
Batting: RHB Roberto Pagán 0-0: Ball
1-0: Bunted foul
1-1: Sac Bunt - play at first, batter OUT! 4-3
Ángelo García to second
Batting: SHB Ed Hunter 0-0: Foul Ball, location: 2F
0-1: Swinging Strike
0-2: Ball
1-2: Ball
2-2: Ball
3-2: Foul Ball, location: 2F
3-2: Ground out 4-3 (Groundball, 4)
Ángelo García to third
Batting: RHB Don Keating 0-0: Ball
1-0: Called Strike
1-1: Foul Ball, location: 2F
1-2: Foul Ball, location: 2F
1-2: Ball
2-2: Foul Ball, location: 2F
2-2: Ground out 5-3 (Groundball, 56)
Top of the 9th over - 0 run(s), 1 hit(s), 0 error(s), 1 left on base; Waba 3 - Amarillo 1
BOTTOM OF THE 9TH
Amarillo Archdukes batting - Pitching for Waba Ducks : RHP Esteban Gonzáles
Pitching: RHP Bartolo Romo
Batting: SHB Douglas Taylor 0-0: Ball
1-0: Called Strike
1-1: Foul Ball, location: 2F
1-2: Ground out 6-3 (Groundball, 6)
Batting: LHB Michael Cook 0-0: Ball
1-0: Called Strike
1-1: Ball
2-1: Fly out, F9 (Flyball, 9D)
Batting: LHB Howard Lambert 0-0: Foul Ball, location: 2F
0-1: Foul Ball, location: 2F
0-2: Fly out, F7 (Flyball, 78S)
Bottom of the 9th over - 0 run(s), 0 hit(s), 0 error(s), 0 left on base; Waba 3 - Amarillo 1
Thursday, March 30th, 2017 - OOTP Baseball 17.12 Build 75